 Dungeon Crawl Stone Soup version 0.28-a0-1447-ga5a8893891 (webtiles) character file.

Game seed: 10922120343893958663

191 shoop the Gusty (level 5, -2/28 HPs)
             Began as a Tengu Air Elementalist on Jan 10, 2022.
             Engulfed by a steam dragon's steam (8 damage)
             ... on level 4 of the Dungeon.
             The game lasted 00:06:53 (4208 turns).

shoop the Gusty (Tengu Air Elementalist)            Turns: 4208, Time: 00:06:54

Health: -2/28      AC:  3    Str:  8    XL:     5   Next: 70%
Magic:  1/10       EV: 14    Int: 17    God:
Gold:   218        SH:  0    Dex: 15    Spells: 2/10 levels left

rFire   . . .      SeeInvis .   f - +0 short sword
rCold   . . .      Faith    .   (no shield)
rNeg    . . .      Spirit   .   a - +0 robe
rPois   .          Reflect  .   (helmet restricted)
rElec   .          Harm     .   j - +0 cloak
rCorr   .          Rampage  .   (no gloves)
Will    .....                   (boots unavailable)
Stlth   ++........              (no amulet)
HPRegen 0.09/turn               (no ring)
MPRegen 0.12/turn               (no ring)

@: flying quickly and evasively, quick
A: beak, talons 3, nimble flight
a: no special abilities


You were on level 4 of the Dungeon.
You visited 1 branch of the dungeon, and saw 4 of its levels.

You collected 218 gold pieces.

Inventory:

Hand Weapons
 f - a +0 short sword (weapon)
Armour
 a - a +0 robe (worn)
 j - a +0 cloak (worn)
 l - a +0 kite shield
Wands
 m - a wand of acid (8)
Scrolls
 c - 2 scrolls of fear {unknown}
 d - 4 scrolls of silence {unknown}
 g - 2 scrolls of teleportation {unknown}
 i - a scroll of enchant armour {unknown}
 n - a scroll of enchant weapon {unknown}
 p - a scroll of blinking {unknown}
 q - a scroll of noise {unknown}
 s - a scroll of vulnerability {unknown}
Potions
 b - 3 potions of curing {unknown}
 e - a potion of brilliance {unknown}
 h - 2 potions of mutation {unknown}
 k - a potion of heal wounds {unknown}
 o - 2 potions of degeneration {unknown}
 r - a potion of haste {unknown}


   Skills:
 - Level 2.1 Dodging
 - Level 2.0 Stealth
 + Level 3.3 Spellcasting
 - Level 3.0 Conjurations
 + Level 6.2 Air Magic
 + Level 1.3 Evocations


You had 2 spell levels left.
You knew the following spells:

 Your Spells              Type           Power      Damage    Failure   Level
a - Shock                 Conj/Air       72%        1d7       2%          1
c - Airstrike             Air            11%        N/A       13%         4
s - Swiftness             Air            23%        N/A       4%          3

Your spell library contained the following spells:

 Spells                   Type           Power      Damage    Failure   Level
 Static Discharge         Conj/Air       18%        N/A       3%          2


Dungeon Overview and Level Annotations

Branches:
Dungeon (4/15)
 Temple: D:4-7

Altars:
Hepliaklqana
Wu Jian
Xom
Yredelemnul

Annotations:
D:3 exclusion: downstairs


Innate Abilities, Weirdness & Mutations

You have a beak for a mouth.
You have claws for feet.
Your magical nature lets you fly swiftly and evasively.


Message History

Confirm with . or Enter, or press ? or * to list all spells.
The spell is extremely dangerous to miscast (13% risk of failure)!
Continue anyway?
Aiming: Airstrike (extremely dangerous; 13% risk of failure)
Press: ? - help, Dir - move target, f - steam dragon
Aim: a steam dragon (asleep, empty space bonus: 3/8)
The air twists around and strikes the steam dragon!
The steam dragon is moderately wounded.
Casting: Airstrike (extremely dangerous; 13% risk of failure)
Confirm with . or Enter, or press ? or * to list all spells.
The spell is extremely dangerous to miscast (13% risk of failure)!
Continue anyway?
Aiming: Airstrike (extremely dangerous; 13% risk of failure)
Press: ? - help, Dir - move target, f/p - steam dragon
Aim: a steam dragon (moderately wounded, empty space bonus: 8/8)
The air twists around and strikes the steam dragon!
The steam dragon is severely wounded.
Okay, then.
Casting: Airstrike (extremely dangerous; 13% risk of failure)
Confirm with . or Enter, or press ? or * to list all spells.
Aiming: Shock (safe; 2% risk of failure)
Press: ? - help, Shift-Dir - straight line, f/p - steam dragon
Aim: a steam dragon (severely wounded, 71% to hit)
The zap hits the steam dragon.
The steam dragon is almost dead.
Casting: Shock (safe; 2% risk of failure)
Confirm with . or Enter, or press ? or * to list all spells.
Aiming: Shock (safe; 2% risk of failure)
Press: ? - help, Shift-Dir - straight line, f/p - steam dragon
Aim: a steam dragon (almost dead, 71% to hit)
The zap hits the steam dragon.
The steam dragon is almost dead.
The steam dragon breathes steam at you. The ball of steam hits you.
An adder comes into view.
There is a stone staircase leading up here.
The steam dragon breathes steam at you. The ball of steam hits you!
Ouch! That really hurt!
* * * LOW HITPOINT WARNING * * *
You are engulfed in a cloud of scalding steam.
You die...

#.... ###..##
#.... .......
##...## .......
##.....##..D.... .
#.........§.....
..#...#.##........
......#..#D#.....
........§...#
......§@##§§#
....#§..#####
.......## ..#....
##..# ###


You could see a steam dragon (catching breath).

Vanquished Creatures
  A scorpion zombie (D:3)
  An orc wizard (D:3)
  A howler monkey zombie (D:3)
  A gnoll (D:2)
  4 adders
  A white imp (D:3)
  An adder zombie (D:3)
  2 dart slugs (D:2)
  2 orcs (D:3)
  5 ball pythons
  2 endoplasms (D:2)
  5 giant cockroaches (D:2)
  3 goblins
  4 hobgoblins
  7 jackals
  5 quokkas
  A ball python zombie (D:3)
  5 bats
  10 frilled lizards
  8 kobolds
  7 rats
76 creatures vanquished.

Vanquished Creatures (others)
  18 plants
18 creatures vanquished.

Grand Total: 94 creatures vanquished

Notes
Turn   | Place    | Note
-------+----------+-------------------------------------------
     0 | D:1      | shoop the Tengu Air Elementalist began the quest for the
                  | Orb.
     0 | D:1      | Reached XP level 1. HP: 10/10 MP: 4/4
   248 | D:1      | Reached XP level 2. HP: 15/15 MP: 0/6
   920 | D:2      | Reached XP level 3. HP: 19/19 MP: 3/7
   924 | D:2      | Learned a level 3 spell: Swiftness
  1450 | D:2      | Reached skill level 5 in Air Magic
  1642 | D:2      | Reached XP level 4. HP: 24/24 MP: 6/8
  2661 | D:3      | Found a hazy altar of Hepliaklqana.
  2681 | D:3      | Found a shimmering altar of Xom.
  2737 | D:3      | Gained mutation: Your magical nature lets you fly swiftly
                  | and evasively. [Tengu growth]
  2737 | D:3      | Reached XP level 5. HP: 22/28 MP: 3/10
  2904 | D:3      | Found a basalt altar of Yredelemnul.
  2954 | D:3      | Reached skill level 1 in Evocations
  3003 | D:3      | Reached skill level 6 in Air Magic
  4115 | D:3      | Found an ornate altar of the Wu Jian Council.
  4191 | D:4      | Noticed a steam dragon
  4198 | D:4      | Learned a level 4 spell: Airstrike
  4208 | D:4      | Engulfed by a steam dragon's steam

Illustrated notes

Levels and vault maps discovered:
D:1:      psy_arrival_whirlpool, layout_rooms, lexackson_kobold_supper
D:2:      minmay_thinvault, layout_basic, minmay_strange_pillars
D:3:      layout_basic, mainiacjoe_overflow_paths,
          nicolae_yredelemnul_corpse_copse, led_xom_imps,
          nicolae_wu_jian_immortal_techniques, serial_bayou_lake_a
D:4:      layout_cave_pools

Skill      XL: |  1  2  3  4  5 |
---------------+----------------+-----
Conjurations   | 2 3 |  3.0
Air Magic      | 5 6 |  6.2
Spellcasting   | 3 |  3.3
Evocations     | 1 |  1.3
Dodging        | |  2.1
Stealth        | |  2.0

Action                   |  1- 3 |  4- 6 || total
-------------------------+-------+-------++-------
Melee: Short sword       |     4 |     3 ||     7
       Peck              |     1 |     1 ||     2
       Kick              |     1 |     1 ||     2
 Cast: Shock             |    77 |   102 ||   179
       Airstrike         |       |     2 ||     2
Armor: Robe              |     2 |     2 ||     4
Dodge: Dodged            |    12 |    33 ||    45

Table legend: (Time is in decaauts)
 A = Elapsed time spent in this place.
 B = Non-inter-level travel time spent in this place.
 C = Inter-level travel time spent in this place.
 D = Time resting spent in this place.
 E = Time spent auto-exploring this place.
 F = Levels seen in this place.
 G = Mean time per level.
                   A        B        C        D        E       F      G
               +--------+--------+--------+--------+--------+-----+--------+
         Total |   4140 |   4066 |     74 |     96 |   3553 |   4 | 1035.0 |
       Dungeon |   4140 |   4066 |     74 |     96 |   3553 |   4 | 1035.0 |
               +--------+--------+--------+--------+--------+-----+--------+

Top non-repeatable levels by time:
     D:3: 1658 daAuts
     D:2: 1597 daAuts
     D:1: 864 daAuts
     D:4: 19 daAuts
